 Dungeon Crawl Stone Soup version 0.19-a0-753-gae73b43 (webtiles) character file.

58 mmcf the Cudgeler (level 3, 31/31 HPs)
             Began as a Minotaur Gladiator on June 16, 2016.
             Got out of the dungeon alive.
             The game lasted 00:03:23 (1761 turns).

mmcf the Cudgeler (Minotaur Gladiator)              Turns: 1761, Time: 00:03:24

Health: 31/31      AC:  3    Str: 20    XL:     3   Next: 75%
Magic:  2/2        EV: 12    Int:  5    God:
Gold:   76         SH:  0    Dex: 10    Spells: 0 memorised, 2 levels left

rFire  . . .     SeeInvis .     a - +0 flail
rCold  . . .     Gourm    .     b - +0 leather armour
rNeg   . . .     Faith    .     (no shield)
rPois  .         Spirit   .     c - +0 hat
rElec  .         Dismiss  .     (no cloak)
rCorr  .         Reflect  .     (no gloves)
SustAt .         Harm     .     (no boots)
MR     .....                    (no amulet)
Stlth  +.........               (no ring)
                                (no ring)

@: not resistant to hostile enchantments, very unstealthy
A: retaliatory headbutt, horns 2
a: no special abilities


You escaped.
You were not hungry.

You visited 1 branch of the dungeon, and saw 2 of its levels.

You collected 76 gold pieces.

Inventory:

Hand Weapons
 a - a +0 flail (weapon)
Missiles
 d - 3 throwing nets (quivered)
 h - 15 poisoned needles
Armour
 b - a +0 leather armour (worn)
 c - a +0 hat (worn)
Wands
 j - a wand of acid (6/15)
Scrolls
 e - a scroll of remove curse {unknown}
 g - a scroll of recharging {unknown}
 i - a scroll of enchant weapon {unknown}
 m - a scroll of enchant armour {unknown}
Comestibles
 f - 2 bread rations
 k - 3 chunks of flesh


   Skills:
 + Level 3.2 Fighting
 * Level 5.3 Maces & Flails
 - Level 2.0 Throwing
 - Level 3.2 Dodging


You had 2 spell levels left.
You didn't know any spells.

Dungeon Overview and Level Annotations

Branches:
Dungeon (2/15)

Altars:


Innate Abilities, Weirdness & Mutations

You reflexively headbutt those who attack you in melee.
You have a pair of horns on your head.


Message History

Partly explored, can't reach some places.
(D) Dungeon
Where to? (? - help)
What level of the Dungeon? (default 1, ? - help)
Things that are here:
a club x2; a dagger You see here a stone.
You see here a short sword.
There is a stone staircase leading down here.
You climb downwards.
There is a stone staircase leading up here.
You climb upwards.
There is a stone staircase leading down here.
Some of the chunks of flesh in your inventory have rotted away.
There is an open door here.
You enter the shallow water.
Moving in this stuff is going to be slow.
There is a staircase leading out of the dungeon here.
Are you sure you want to leave the Dungeon?
This will make you lose the game!
You have escaped!

##.#..[.....### ###......######
#....#'##....#####...##...#
#######.##...##≈≈≈##..##...#
........÷...##≈≈P≈≈##.##...######
...........##≈≈≈.≈≈≈##.'.........
##......#..#≈≈P.8.P≈≈#.#...######
#.#...##..#≈≈.....≈≈#.#...#
#.#.......#≈.......≈8.#####
#.####....#≈P8.@.8P.'.#
#.........#≈.......≈8.#
#.....###.#≈≈.....≈≈#.# ##.....#
#.#≈≈P.8.P≈≈#.# ##.....#
#.##≈≈≈.≈≈≈##.# ...)...#
#..##≈≈P≈≈##..###### ##.....#
#...##≈≈≈##........# ##
###...###....#####.........# #.
###...#..................# #.


There were no monsters in sight!

Vanquished Creatures
  An adder (D:2)
  2 dart slugs (D:1)
  5 giant geckos
  4 giant cockroaches
  6 goblins
  2 hobgoblins (D:1)
  9 kobolds
  4 bats
  2 giant newts (D:1)
  3 rats
  A bush (D:1)
  A plant (D:1)
40 creatures vanquished.

Notes
Turn   | Place    | Note
--------------------------------------------------------------
     0 | D:1      | mmcf the Minotaur Gladiator began the quest for the Orb.
     0 | D:1      | Reached XP level 1. HP: 18/18 MP: 0/0
    55 | D:2      | Reached skill level 4 in Maces & Flails
    94 | D:2      | Reached XP level 2. HP: 20/25 MP: 1/1
   502 | D:1      | Reached XP level 3. HP: 30/30 MP: 2/2
   870 | D:1      | Reached skill level 5 in Maces & Flails
  1685 | D:1      | Upgraded the game from 0.19-a0-675-gf8984cf to 0.19-a0-753-gae73b43
  1761 | D:$      | Got out of the dungeon alive.

Vault maps used:
D:1:      lightli_arrival_statuegarden, serial_glass, glass_columns_c,
          glass_columns_a, lexackson_kobold_supper
D:2:      lemuel_doored_altar

Skill      XL: |  1  2  3 |
---------------+----------+-----
Maces & Flails | 4 5 |  5.3
Fighting       | 3 |  3.2
Throwing       | |  2.0
Dodging        | |  3.2

Action                   || total
-------------------------++-------
Melee: Flail             ||   139
       Headbutt          ||    30
  Eat: Meat ration       ||     1
Armor: Leather armour    ||    29
Dodge: Dodged            ||    82
